 Dungeon Crawl Stone Soup version 0.30-a0-373-gd37427bb62 (webtiles) character file.

Game seed: 3345126056473801685

10902 nomicflux the Fighter (level 11, -6/102 HPs)
             Began as a Yellow Draconian Earth Elementalist on Nov 23, 2022.
             Was a Priest of Vehumet.
             Mangled by a meliai
             ... wielding a +1 vorpal hand axe
              (8 damage)
             ... on level 11 of the Dungeon.
             The game lasted 00:41:31 (15005 turns).

nomicflux the Fighter (DrEE)                       Turns: 15005, Time: 00:41:32

Health: -6/102     AC: 11    Str: 10    XL:     11   Next: 42%
Magic:  12/18      EV: 12    Int: 20    God:    Vehumet [***...]
Gold:   631        SH:  0    Dex: 12    Spells: 10/20 levels left

rFire   + . .      SeeInvis .    s - +0 halberd
rCold   . . .      Faith    .    (shield currently unavailable)
rNeg    . . .      Spirit   .    (body armour unavailable)
rPois   .          Reflect  .    x - +1 hat
rElec   .          Harm     .    f - +1 cloak
rCorr   +          Rampage  .    z - +0 pair of gloves
Will    +....                    (no boots)
Stlth   ++........               (no amulet)
HPRegen 0.37/turn                m - ring of protection from fire
MPRegen 0.16/turn                w - ring of willpower

@: no status effects
A: spit acid, AC +7, unfitting armour, cold-blooded, acid resistance
a: Breathe Acid, Renounce Religion


You were on level 11 of the Dungeon.
You worshipped Vehumet.
Vehumet was most pleased with you.
You visited 2 branches of the dungeon, and saw 13 of its levels.

You collected 631 gold pieces.

Inventory:

Hand Weapons
 e - a +1 spear of venom
 s - a +0 halberd (weapon)
Armour
 f - a +1 cloak (worn)
 g - a scarf of resistance
 x - a +1 hat (worn)
 z - a +0 pair of gloves (worn)
 F - an orb of energy
Jewellery
 k - a ring of fire
 m - a ring of protection from fire (left hand)
 w - a ring of willpower (right hand)
 y - a ring of protection from fire
Wands
 q - a wand of charming (6)
 B - a wand of roots (7)
Scrolls
 i - 4 scrolls of teleportation
 j - 2 scrolls of blinking
 n - 2 scrolls of enchant weapon {unknown}
 p - 2 scrolls of enchant armour
 r - 3 scrolls of amnesia
 u - a scroll of acquirement {unknown}
 D - a scroll of summoning
Potions
 a - 3 potions of magic
 b - a potion of mutation
 c - 2 potions of cancellation
 d - 6 potions of brilliance
 h - a potion of lignification
 l - 4 potions of curing
 o - 2 potions of invisibility
 t - 2 potions of might
 A - 2 potions of attraction
 C - a potion of flight


   Skills:
 + Level 11.1 Fighting
 - Level 1.7 Dodging
 - Level 1.7 Stealth
 - Level 5.0 Spellcasting
 + Level 10.0 Conjurations
 + Level 1.2 Transmutations
 + Level 10.7 Earth Magic


You had 10 spell levels left.
You knew the following spells:

 Your Spells              Type           Power      Damage    Failure   Level
a - Sandblast             Erth           94%        2d19      1%          1
b - Stone Arrow           Conj/Erth      92%        3d12      1%          3
c - Passwall              Tmut/Erth      23%        N/A       1%          2
d - Sticky Flame          Conj/Fire      25%        2d5       4%          4

Your spell library contained the following spells:

 Spells                   Type           Power      Damage    Failure   Level
 Shock                    Conj/Air       100%       1d9       1%          1
 Petrify                  Tmut/Erth      28%        N/A       10%         4
 Summon Small Mammal      Summ           20%        N/A       12%         1
 Ensorcelled Hibernation  Hex/Ice        10%        N/A       17%         2
 Spider Form              Tmut/Pois      7%         N/A       26%         3
 Airstrike                Air            2%         2d(1-17)  28%         4
 Call Canine Familiar     Summ           5%         N/A       34%         3
 Ozocubu's Armour         Ice            5%         N/A       34%         3
 Summon Guardian Golem    Hex/Summ       5%         N/A       34%         3
 Swiftness                Air            5%         N/A       34%         3
 Anguish                  Hex/Necr       2%         N/A       75%         4
 Ozocubu's Refrigeration  Ice            2%         4d8       100%        7


Dungeon Overview and Level Annotations

Branches:
Dungeon (12/15)            Temple (1/1) D:5            Lair (0/5) D:11
    Orc (0/2) D:10

Altars:
Ashenzari
Cheibriados
Dithmenos
Elyvilon
Fedhas
Gozag
Hepliaklqana
Kikubaaqudgha
Makhleb
Nemelex Xobeh
Okawaru
Qazlal
Sif Muna
Trog
Uskayaw
Vehumet
Wu Jian
Xom
Yredelemnul
Zin
The Shining One

Shops:
D:4 =   D:5 *

Annotations:
D:7 Joseph


Innate Abilities, Weirdness & Mutations

You can spit globs of acid.
Your golden yellow scales are hard. (AC +7)
You cannot fit into any form of body armour.
You are cold-blooded and may be slowed by cold attacks.
You are resistant to acid. (rCorr)


Message History

The meliai stings you. The meliai hits you with a +0 hand axe!
The meliai closely misses you.
Casting: Stone Arrow (safe; 1% risk of failure)
Confirm with . or Enter, or press ? or * to list all spells.
Aiming: Stone Arrow (safe; 1% risk of failure)
Press: ? - help, Shift-Dir - straight line, f - meliai
Aim: a meliai, wielding a +0 hand axe and wearing a +0 robe (black smoke, 64% to hit)
The stone arrow hits the meliai!
The meliai is heavily wounded.
The meliai hits you with a +0 hand axe! The meliai barely misses you.
The meliai hits you with a +1 vorpal hand axe.
The meliai stings you but does no damage.
The meliai hits you but does no damage. The meliai barely misses you.
The meliai hits you with a +1 vorpal hand axe.
The meliai stings you! The meliai completely misses you. The meliai stings you.
The meliai invokes the aid of its god against you.
Something smites you!
Unknown command.
Casting: Stone Arrow (safe; 1% risk of failure)
Confirm with . or Enter, or press ? or * to list all spells.
Aiming: Stone Arrow (safe; 1% risk of failure)
Press: ? - help, Shift-Dir - straight line, f/p - meliai
Aim: a meliai, wielding a +0 hand axe and wearing a +0 robe (black smoke, heavily wounded, 64% to hit)
The stone arrow misses the meliai.
The meliai barely misses you. x2
The meliai hits you with a +1 vorpal hand axe.
* * * LOW HITPOINT WARNING * * *
x2 The meliai stings you but does no damage.
The meliai hits you with a +0 hand axe!
* * * LOW HITPOINT WARNING * * *
The meliai barely misses you.
The meliai hits you with a +1 vorpal hand axe!
* * * LOW HITPOINT WARNING * * *
x2 The meliai closely misses you.
The meliai hits you with a +0 hand axe.
* * * LOW HITPOINT WARNING * * *
The meliai barely misses you. x2
The meliai stings you but does no damage.
The meliai attacks as you move away! The meliai closely misses you.
The meliai misses you.
The meliai hits you with a +1 vorpal hand axe!
You die...

#.# ##.....## ###.##.## ##.##
##.......## ##.##.##
###...####.........####...#.##
#........+.........+..........
#......#.#..§..§§..####.....##
#........##.§§§§§.# ##..###
#........# #§y§§§# ##.#
#........# ##yy§##### #.#
#.......># #@§§§...# #.#
###...#######§#####.# #.#
##.#........# #.#####.#
#.#?######B# #.......# #.#.#
##.# #.#######
#.#.#####..#####.#
#........#..[....#
###...........####
####...##.###


You could see a boulder beetle and 3 meliai.

Vanquished Creatures
  A two-headed ogre (D:10)
  A cyclops (D:11)
  An elephant (D:11)
  Maggie (D:7)
  2 kobold demonologists
  An unseen horror (D:11)
  A troll (D:10)
  Grinder (D:3)
  A hornet (D:9)
  4 shadows
  A wraith (D:11)
  A wyvern (D:10)
  13 yaks
  A basilisk (D:11)
  2 acid dragons (D:10)
  2 water moccasins
  An ice beast (D:7)
  2 orc warriors
  2 black bears
  2 ogres (D:4)
  2 centaurs
  2 phantoms
  3 kobold brigands
  A bullfrog (D:7)
  A necrophage (D:4)
  5 scorpions
  A gnoll sergeant (D:7)
  18 wights
  A troll zombie (D:10)
  14 killer bees
  3 howler monkeys
  5 hounds
  8 orc priests
  Natasha (thrice) (D:3)
  4 iguanas
  9 orc wizards
  6 ogre zombies (D:10)
  A mummy (D:4)
  13 gnolls
  7 adders
  A shadow imp (D:5)
  An ufetubus (D:6)
  A worm (D:3)
  2 dart slugs (D:4)
  37 orcs
  7 ball pythons
  6 endoplasms
  8 giant cockroaches
  3 goblins
  6 hobgoblins
  2 quokkas (D:1)
  5 bats
  2 frilled lizards
  A goblin skeleton (D:10)
  3 goblin zombies (D:10)
  3 hobgoblin skeletons (D:10)
  A hobgoblin zombie (D:10)
  28 kobolds
  2 orc skeletons (D:10)
  14 orc zombies (D:10)
  5 rats
286 creatures vanquished.

Vanquished Creatures (collateral kills)
  An adder (D:5)
  An orc (D:5)
2 creatures vanquished.

Grand Total: 288 creatures vanquished

Notes
Turn   | Place    | Note
-------+----------+-------------------------------------------
     0 | D:1      | nomicflux the Draconian Earth Elementalist began the quest
                  | for the Orb.
     0 | D:1      | Reached XP level 1. HP: 14/14 MP: 3/3
   178 | D:1      | Reached skill level 1 in Fighting
   181 | D:1      | Reached XP level 2. HP: 23/23 MP: 0/5
   601 | D:1      | Found a faded altar of an unknown god.
  1114 | D:2      | Reached XP level 3. HP: 29/29 MP: 4/6
  1117 | D:2      | Reached skill level 2 in Fighting
  1121 | D:2      | Learned a level 3 spell: Stone Arrow
  1234 | D:2      | Found an ancient bone altar of Kikubaaqudgha.
  1574 | D:3      | Noticed Natasha
  1584 | D:3      | Killed Natasha
  1585 | D:3      | Reached skill level 1 in Conjurations
  1585 | D:3      | Reached XP level 4. HP: 37/37 MP: 4/7
  1657 | D:3      | Noticed Grinder
  1709 | D:3      | Killed Grinder
  1710 | D:3      | Reached skill level 3 in Fighting
  1710 | D:3      | Reached XP level 5. HP: 3/46 MP: 2/8
  1710 | D:3      | Reached XP level 6. HP: 3/52 MP: 2/9
  1714 | D:3      | Learned a level 2 spell: Passwall
  1891 | D:3      | Noticed Natasha
  1894 | D:3      | Killed Natasha
  2044 | D:3      | Noticed Natasha
  2050 | D:3      | Killed Natasha
  2051 | D:3      | Reached skill level 4 in Fighting
  2134 | D:2      | Reached skill level 5 in Earth Magic
  2679 | D:4      | Found a stormy altar of Qazlal.
  2689 | D:4      | Found Meloub's Jewellery Boutique.
  2718 | D:4      | Found a snail-covered altar of Cheibriados.
  2937 | D:5      | Entered Level 5 of the Dungeon
  2962 | D:5      | Found Fedeolut's Neck Hole.
  3010 | D:5      | Noticed a water moccasin
  3011 | D:5      | Your scales start taking on a golden yellow colour.
  3011 | D:5      | Reached XP level 7. HP: 60/60 MP: 6/10
  3011 | D:5      | Gained mutation: You are resistant to acid. (rCorr) [Yellow
                  | Draconian growth]
  3013 | D:5      | Reached skill level 5 in Fighting
  3373 | D:5      | Reached XP level 8. HP: 64/70 MP: 6/11
  3485 | D:5      | Found a burning altar of Makhleb.
  3485 | D:5      | Found an opulent altar of Gozag.
  3568 | D:5      | Reached skill level 6 in Fighting
  3568 | D:5      | Reached skill level 5 in Conjurations
  3717 | D:5      | Found a staircase to the Ecumenical Temple.
  3731 | Temple   | Entered the Ecumenical Temple
  4039 | Temple   | Became a worshipper of Vehumet
  4154 | D:4      | Identified the +4 falchion "Tyhuuqe" {pain, rPois rC+}
  5697 | D:6      | Reached skill level 7 in Fighting
  6397 | D:7      | Noticed Maggie
  6663 | D:7      | Killed Maggie
  6664 | D:7      | Reached XP level 9. HP: 72/79 MP: 7/12
  6824 | D:7      | Reached * piety under Vehumet
  6824 | D:7      | Offered knowledge of Freeze by Vehumet.
  6832 | D:7      | HP: 3/79 [poisoned by a gnoll sergeant]
  6833 | D:7      | HP: 1/79 [gnoll sergeant/+1 spear of venom (6)]
  7709 | D:7      | Reached skill level 8 in Fighting
  7829 | D:7      | Noticed Joseph
  9197 | D:9      | Reached ** piety under Vehumet
  9197 | D:9      | Offered knowledge of Magic Dart by Vehumet.
  9333 | D:9      | Paralysed by a hornet for 1 turns
  9335 | D:9      | Reached skill level 9 in Fighting
 10100 | D:9      | Reached XP level 10. HP: 91/91 MP: 6/13
 10682 | D:10     | Entered Level 10 of the Dungeon
 11438 | D:8      | HP: 3/91 [yak (6)]
 11441 | D:8      | Offered knowledge of Hailstorm by Vehumet.
 12044 | D:10     | Reached *** piety under Vehumet
 12239 | D:10     | Reached skill level 10 in Fighting
 12660 | D:10     | Offered knowledge of Sticky Flame by Vehumet.
 12742 | D:10     | Learned a level 4 spell: Sticky Flame
 13049 | D:10     | Found a staircase to the Orcish Mines.
 13127 | D:10     | Noticed a two-headed ogre
 13141 | D:10     | Killed a two-headed ogre
 13142 | D:10     | Reached skill level 10 in Earth Magic
 13272 | D:10     | Reached XP level 11. HP: 98/101 MP: 12/17
 13321 | D:10     | Reached **** piety under Vehumet
 13785 | D:11     | Reached skill level 5 in Spellcasting
 13923 | D:11     | Found a staircase to the Lair.
 14089 | D:11     | Noticed a boulder beetle
 14561 | D:11     | Reached skill level 11 in Fighting
 14879 | D:12     | Noticed a deep elf pyromancer
 14887 | D:12     | Reached skill level 10 in Conjurations
 15004 | D:11     | HP: 5/102 [meliai/+1 vorpal hand axe (1)]
 15004 | D:11     | HP: 1/102 [meliai/+0 hand axe (4)]
 15005 | D:11     | Mangled by a meliai

Illustrated notes

Levels and vault maps discovered:
D:1:      roderic_crossed_star, layout_loops_ring, basic_ecumenical_altar
D:2:      layout_basic, basic_altar
D:3:      layout_rooms, uniq_grinder, uniq_natasha
D:4:      layout_loops_ring, slow_altar_2, mainiacjoe_overflow_small_starburst,
          serial_shops, shop
D:5:      layout_cave_pools, gammafunk_temple_overflow_pools,
          minmay_temple_entry_large_hall, corner_web_ring,
          nicolae_shop_sticking_my_neck_out
D:6:      hellmonk_ruined_rings, layout_basic
D:7:      layout_basic, hangedman_ru_absence, uniq_pikel, uniq_maggie,
          uniq_joseph
D:8:      layout_loops_cross
D:9:      layout_irregular_city
D:10:     layout_gridville, zombieorc2_lemuel, hangedman_abyss_or_decor_passed,
          grunt_ministairs_8, dk_noncrumbling_4
D:11:     layout_loops_corners, david_lair_generic
D:12:     layout_roguey, nicolae_ashenzari_skybound, uniq_maurice
Temple:   minmay_temple_bridge_d

Skill      XL: |  1  2  3  4  5  6  7  8  9 10 11 |
---------------+----------------------------------+-----
Fighting       | 1 2 3 4 5 7 9 10 11 | 11.1
Conjurations   | 1 2 3 4 6 8 9 10 | 10.0
Earth Magic    | 4 5 6 7 9 10 | 10.7
Spellcasting   | 4 5 |  5.0
Dodging        | |  1.7
Stealth        | |  1.7
Transmutations | |  1.2

Action                   |  1- 3 |  4- 6 |  7- 9 | 10-12 || total
-------------------------+-------+-------+-------+-------++-------
Melee: Mace              |     2 |     9 |       |       ||    11
       Tailslap          |       |     2 |     2 |     3 ||     7
       Halberd           |       |       |    31 |    10 ||    41
 Cast: Sandblast         |    54 |    74 |   158 |    90 ||   376
       Passwall          |       |     2 |     1 |     4 ||     7
       Stone Arrow       |       |       |    72 |   116 ||   188
 Abil: Breathe Acid      |       |       |     2 |     1 ||     3
  Use: Scroll            |       |     8 |     9 |     4 ||    21
       Potion            |       |       |     2 |     2 ||     4
Armor: Skin              |     9 |    15 |    72 |    74 ||   170
Dodge: Dodged            |    13 |    23 |   109 |   159 ||   304

Table legend: (Time is in decaauts)
 A = Elapsed time spent in this place.
 B = Non-inter-level travel time spent in this place.
 C = Inter-level travel time spent in this place.
 D = Time resting spent in this place.
 E = Time spent auto-exploring this place.
 F = Levels seen in this place.
 G = Mean time per level.
                   A        B        C        D        E       F      G
               +--------+--------+--------+--------+--------+-----+--------+
         Total |  15234 |  14723 |    511 |   5875 |   5248 |  13 | 1171.8 |
       Dungeon |  14852 |  14486 |    366 |   5875 |   5034 |  12 | 1237.7 |
        Temple |    381 |    236 |    145 |      0 |    214 |   1 |  381.0 |
               +--------+--------+--------+--------+--------+-----+--------+

Top non-repeatable levels by time:
     D:9: 1953 daAuts
     D:8: 1794 daAuts
    D:10: 1788 daAuts
     D:6: 1755 daAuts
    D:11: 1515 daAuts
     D:4: 1436 daAuts
     D:7: 1199 daAuts
     D:1: 946 daAuts
     D:5: 883 daAuts
     D:3: 868 daAuts
     D:2: 683 daAuts
  Temple: 381 daAuts
    D:12: 28 daAuts
